 Dungeon Crawl Stone Soup version 0.20.0-7-g3b7b877 (webtiles) character file.

82 MTVSty1e the Ruffian (level 4, 0/38 HPs)
             Began as a Draconian Transmuter on May 29, 2017.
             Slain by a goblin
             ... wielding a +0 club
             ... led by Robin
              (4 damage)
             ... on level 3 of the Dungeon.
             The game lasted 00:03:39 (1590 turns).

MTVSty1e the Ruffian (Draconian Transmuter)         Turns: 1590, Time: 00:03:40

Health: 0/38       AC:  5    Str: 12    XL:     4   Next: 21%
Magic:  15/16      EV: 17    Int: 20    God:
Gold:   169        SH:  0    Dex: 16    Spells: 6/7 levels left

rFire    . . .     SeeInvis .     - Unarmed
rCold    . . .     Gourm    .   (no shield)
rNeg     . . .     Faith    .   (armour unavailable)
rPois    .         Spirit   .   (helmet restricted)
rElec    .         Reflect  .   (no cloak)
rCorr    .         Harm     .   (no gloves)
MR       .....                  (no boots)
Stlth    ++........             (no amulet)
Regen    0.2/turn               l - ring of magical power
MPRegen  0.2/turn               (no ring)

@: brilliant, agile, about to teleport, appendage
A: unfitting armour, horns 2, cold-blooded, AC +5
a: End Transformation


You were on level 3 of the Dungeon.
You were not hungry.
You had grown temporary horns.
You visited 1 branch of the dungeon, and saw 3 of its levels.

You collected 169 gold pieces.

Inventory:

Missiles
 a - 12 arrows
Jewellery
 l - a ring of magical power (left hand)
Scrolls
 f - 2 scrolls of identify {unknown}
 i - 2 scrolls of recharging {unknown}
 m - a scroll of blinking {unknown}
Potions
 k - a potion of agility
Books
 b - a book of Changes

   Spells                             Type                      Level
   a - Beastly Appendage              Transmutation                1
   b - Sticks to Snakes               Transmutation                2
   c - Spider Form                    Transmutation/Poison         3
   d - Ice Form                       Ice/Transmutation            4
   e - Blade Hands                    Transmutation                5
Comestibles
 d - 2 royal jellies


   Skills:
 + Level 3.2 Fighting
 - Level 1.7 Dodging
 + Level 4.1 Unarmed Combat
 - Level 2.0 Spellcasting
 - Level 2.0 Transmutations


You had 6 spell levels left.
You knew the following spells:

 Your Spells              Type           Power        Failure   Level  Hunger
a - Beastly Appendage     Tmut           ###...       1%          1    #......


Dungeon Overview and Level Annotations

Branches:
Dungeon (3/15)

Altars:
Cheibriados
Gozag
Okawaru
Qazlal
Yredelemnul
The Shining One

Annotations:
D:3 Robin


Innate Abilities, Weirdness & Mutations

Your plain brown scales are hard. (AC +5)
You cannot fit into any form of body armour.
You are cold-blooded and may be slowed by cold attacks.
You have a pair of horns on your head.


Message History

Memorise Ice Form, consuming 4 spell levels and leaving 2?
The goblin completely misses you. The goblin hits you but does no damage.
Your memorisation is interrupted.
The hobgoblin misses you.
Casting: Beastly Appendage
Confirm with . or Enter, or press ? or * to list all spells.
You don't know that spell.
Memorise Ice Form, consuming 4 spell levels and leaving 2?
The goblin hits you with a club.
Your memorisation is interrupted.
* * * LOW HITPOINT WARNING * * *
The goblin hits you with a club.
* * * LOW HITPOINT WARNING * * *
The hobgoblin barely misses you.
Casting: Beastly Appendage
Confirm with . or Enter, or press ? or * to list all spells.
You don't know that spell.
Okay, then.
As you read the scroll labeled HIATHRO PIEMI, it crumbles to dust.
You feel strangely unstable.
It was a scroll of teleportation.
The goblin hits you with a club.
You die...

#####.[.##
..........#
######.#..#
#.#..#
#.#..#
#######.#..#
...........#
######.##.#
#.gg@#.##.#
#.....g#gK#
.#
#...>.....#
.#
#...#.#.###
.# ........
.# ........
.<......
...###. ..
#.


You could see Robin, a hobgoblin, 2 goblins and a kobold.

Vanquished Creatures
  Jessica (D:3)
  An adder (D:3)
  2 oozes
  A worm (D:2)
  An orc (D:3)
  3 giant cockroaches
  9 goblins
  3 hobgoblins
  2 ball pythons
  3 bats
  6 frilled lizards
  2 kobolds
  3 rats
37 creatures vanquished.

Notes
Turn   | Place    | Note
-------+----------+-------------------------------------------
     0 | D:1      | MTVSty1e the Draconian Transmuter began the quest for the Orb.
     0 | D:1      | Reached XP level 1. HP: 16/16 MP: 3/3
   393 | D:1      | Reached XP level 2. HP: 22/24 MP: 3/5
   738 | D:2      | Found a basalt altar of Yredelemnul.
   738 | D:2      | Found an opulent altar of Gozag.
   741 | D:2      | Found a stormy altar of Qazlal.
   742 | D:2      | Found a snail-covered altar of Cheibriados.
   743 | D:2      | Found an iron altar of Okawaru.
   744 | D:2      | Found a glowing golden altar of the Shining One.
   921 | D:2      | Found a faded altar of an unknown god.
  1055 | D:2      | Reached XP level 3. HP: 30/30 MP: 4/6
  1339 | D:3      | Noticed Jessica
  1348 | D:3      | Killed Jessica
  1348 | D:3      | Reached skill level 4 in Unarmed Combat
  1348 | D:3      | Reached XP level 4. HP: 16/38 MP: 7/7
  1555 | D:3      | Noticed Robin
  1590 | D:3      | Slain by a goblin

Skill      XL: |  1  2  3 |
---------------+----------+-----
Fighting       | 2 3 |  3.2
Unarmed Combat | 4 |  4.1
Dodging        | |  1.7
Spellcasting   | |  2.0
Transmutations | |  2.0

Action                   |  1- 3 |  4- 6 || total
-------------------------+-------+-------++-------
Melee: Unarmed           |    73 |    26 ||    99
       Kick              |     5 |       ||     5
       Tailslap          |     2 |     2 ||     4
       Headbutt          |     3 |     1 ||     4
 Cast: Beastly Appendage |    13 |     2 ||    15
  Use: Potion            |       |     4 ||     4
       Scroll            |       |     1 ||     1
 Stab: Sleeping          |     2 |       ||     2
  Eat: Bread ration      |     1 |       ||     1
Armor: Skin              |    12 |    10 ||    22
Dodge: Dodged            |    34 |    52 ||    86
